 Dungeon Crawl Stone Soup version 0.30-a0-859-gf88a04b62d (webtiles) character file.

Game seed: 14988026260385675792

9 Esekla the Sneak (level 2, 0/21 HPs)
             Began as an Octopode Delver on Mar 6, 2023.
             Succumbed to a kobold's poison
             ... in the Ecumenical Temple.
             The game lasted 00:01:21 (74 turns).

Esekla the Sneak (Octopode Delver)                    Turns: 74, Time: 00:01:22

Health: 0/21       AC:  1    Str: 11    XL:     2   Next: 12%
Magic:  2/2        EV: 13    Int: 12    God:
Gold:   9          SH:  0    Dex: 13    Spells: 1/1 levels left

rFire   . . .      SeeInvis .    a - +0 falchion
rCold   . . .      Faith    .    (no shield)
rNeg    . . .      Spirit   .    (helmet restricted)
rPois   .          Reflect  .    (no amulet)
rElec   .          Rampage  .    (no ring)
rCorr   .                        (no ring)
Will    .....                    (no ring)
Stlth   ++++                     (no ring)
HPRegen 0.23/turn                (no ring)
MPRegen 0.08/turn                (no ring)
                                 (no ring)
                                 (no ring)

@: lethally poisoned (0 -> -16)
A: almost no armour, amphibious, 8 rings, camouflage 1, gelatinous body 1,
(nimble swimmer 1), tentacles
a: no special abilities


You were in the Ecumenical Temple.
You visited 2 branches of the dungeon, and saw 2 of its levels.

You collected 9 gold pieces.

Inventory:

Hand Weapons
 a - a +0 falchion (weapon)
Missiles
 c - 6 poisoned darts (quivered)
Wands
 f - a wand of digging (3)
Scrolls
 b - a scroll of fog
 g - a scroll of blinking {unknown}
Potions
 e - a potion of haste


   Skills:
 * Level 3.1 Fighting
 * Level 2.1 Long Blades
 * Level 2.1 Dodging
 + Level 6.8 Stealth
 * Level 0.2 Spellcasting


You had one spell level left.
You didn't know any spells.
Your spell library was empty.

Dungeon Overview and Level Annotations

Branches:
Dungeon (5/15)             Temple (1/1) D:5

Altars:


Innate Abilities, Weirdness & Mutations

You cannot wear most types of armour.
You are amphibious.
You can wear up to eight rings at the same time.
Your skin changes colour to match your surroundings (Stealth+).
Your rubbery body absorbs attacks. (AC +1, EV +1)
((You are camouflaged when in or above water. (Stealth+)))
You have tentacles for arms and can constrict up to eight enemies at once.


Message History

The orc wizard is wielding a +1 dagger of holy wrath.
Found 16 gold pieces.
You see here 9 gold pieces.
You now have 9 gold pieces.
As you read the scroll of fear, it crumbles to dust.
You assume a fearsome visage.
The orc priest looks frightened!
The orc priest shouts!
The orc looks frightened!
The orc shouts!
The orc looks frightened!
The orc shouts!
The orc looks frightened!
The orc wizard looks frightened!
The orc looks frightened!
The orc shouts!
You hear a shout! x4; You hear an angry hiss.
The orc wizard casts a spell.
The orc wizard flickers and vanishes!
Deactivating autopickup; reactivate with Ctrl-A.
A kobold comes into view. It is wielding a +0 dagger of venom.
A kobold comes into view.
It is wielding a +0 short sword and quivering poisoned darts.
A kobold comes into view. It is wielding a +0 dagger.
The orc priest prays for help.
The kobold hits you with a +0 dagger of venom.
You are poisoned.
There is a staircase to the Ecumenical Temple here.
You feel very sick.
The kobold throws a poisoned dart.
The poisoned dart hits you!
You are more poisoned.
The kobold hits you with a +0 dagger of venom.
You are more poisoned.
You climb downwards.
Welcome to the Ecumenical Temple!
Reactivating autopickup.
You feel very sick.
There is a staircase back to the Dungeon here.
Okay, then.
You barely miss the kobold. Your grab misses the kobold.
* * * LOW HITPOINT WARNING * * *
You feel very sick. The kobold barely misses you.
You hit the kobold.
You kill the kobold!
You die...

~~⌠...⌠~~ ~⌠
~~...~~ ♣~~
♣~...~♣♣P♣ ~
♣♣♣~...~♣P♣ ~
~~♣P~~...~~♣♣~~
⌠~~~~⌠...⌠~~~~⌠
...............
......)@.......
...............
⌠~~~~⌠...⌠~~~~⌠
~~♣♣~~...~~P♣~~
~ PP♣~...~P♣♣ ~
P♣♣♣~...~P♣ ~
~~...~~P
~~⌠...⌠~~~


There were no monsters in sight!

Vanquished Creatures
  An adder (D:5)
  A kobold (Temple)
2 creatures vanquished.

Vanquished Creatures (others)
  A plant (D:5)
1 creature vanquished.

Grand Total: 3 creatures vanquished

Notes
Turn   | Place    | Note
-------+----------+-------------------------------------------
     0 | D:5      | Esekla the Octopode Delver began the quest for the Orb.
     0 | D:5      | Reached XP level 1. HP: 16/16 MP: 1/1
    19 | D:5      | Noticed an iguana
    45 | D:5      | Reached XP level 2. HP: 18/21 MP: 2/2
    52 | D:5      | Noticed an ice beast
    61 | D:5      | Found a staircase to the Ecumenical Temple.
    72 | Temple   | Entered the Ecumenical Temple
    74 | Temple   | Succumbed to a kobold's poison

Illustrated notes

Levels and vault maps discovered:
D:5:      layout_rooms, gammafunk_temple_overflow_forgotten,
          minmay_temple_entry_proselytizer,
          nicolae_ossuary_entry_false_entrances, minmay_misc_feat_encased
Temple:   nicolae_temple_godpark

Action                     || total
---------------------------++-------
  Melee: Falchion          ||     9
         Punch             ||     1
    Use: Scroll            ||     2
   Stab: Sleeping          ||     1
 Armour: Skin              ||     1
  Dodge: Dodged            ||     9

Table legend: (Time is in decaauts)
 A = Elapsed time spent in this place.
 B = Non-inter-level travel time spent in this place.
 C = Inter-level travel time spent in this place.
 D = Time resting spent in this place.
 E = Time spent auto-exploring this place.
 F = Levels seen in this place.
 G = Mean time per level.
                   A        B        C        D        E       F      G
               +--------+--------+--------+--------+--------+-----+--------+
         Total |     75 |     75 |      0 |      0 |      0 |   2 |   37.5 |
       Dungeon |     73 |     73 |      0 |      0 |      0 |   1 |   73.0 |
        Temple |      2 |      2 |      0 |      0 |      0 |   1 |    2.0 |
               +--------+--------+--------+--------+--------+-----+--------+

Top non-repeatable levels by time:
     D:5: 73 daAuts
  Temple: 2 daAuts
